PAAA
PAWNEE PARKSNREC @ ROYSE CITY TARGARYENS
07/27/2026
 
TOP OF THE 1ST
Pawnee ParksNRec batting - Pitching for Royse City Targaryens : RHP Rodger de Meza
Pitching: RHP Rodger de Meza
Batting: SHB Júlio Camacho 0-0: Ball
1-0: Called Strike
1-1: Ball
2-1: Reached via error on a dropped throw, E3
Batting: RHB Julián Salcido 0-0: Called Strike
0-1: Ball
1-1: Ball
2-1: Foul Ball, location: 2F
2-2: Ball
3-2: Strikes out swinging
Batting: SHB José Carlos Nieves 0-0: Grounds into double play, 4-6-3 (Groundball, 34)
Top of the 1st over - 0 run(s), 0 hit(s), 1 error(s), 0 left on base; Pawnee 0 - Royse City 0
BOTTOM OF THE 1ST
Royse City Targaryens batting - Pitching for Pawnee ParksNRec : RHP Rodas Aguilar
Pitching: RHP Rodas Aguilar
Batting: LHB Cisco Padilla 0-0: Ball
1-0: Ball
2-0: Ball
3-0: Called Strike
3-1: Base on Balls
Batting: LHB José Vargas 0-0: Fly out, F3 (Popup, 3L)
Batting: RHB Tomás Martínez 0-0: Fly out, F7 (Flyball, 7LD)
Batting: RHB Javier Rivera 0-0: Ball
1-0: Ball
2-0: Ball
3-0: Base on Balls
Cisco Padilla to second
Batting: LHB Jon Baxter 0-0: Ball
1-0: Ball
2-0: Swinging Strike
2-1: Called Strike
2-2: Ball
3-2: Ground out U3 (Groundball, 34S)
Bottom of the 1st over - 0 run(s), 0 hit(s), 0 error(s), 2 left on base; Pawnee 0 - Royse City 0
TOP OF THE 2ND
Pawnee ParksNRec batting - Pitching for Royse City Targaryens : RHP Rodger de Meza
Batting: RHB Miguel Silva 0-0: Ball
1-0: Ball
2-0: Ball
3-0: Base on Balls
Batting: LHB Ernesto Sánchez 0-0: Ball
1-0: Fly out, F9 (Flyball, 9S)
Batting: RHB Mike Daniels 0-0: Ball
1-0: Ball
2-0: Ball
Wild Pitch!
Miguel Silva to second
3-0: Base on Balls
Batting: SHB Vicente Pueblo 0-0: Grounds into double play, 4-6-3 (Groundball, 4)
Top of the 2nd over - 0 run(s), 0 hit(s), 0 error(s), 1 left on base; Pawnee 0 - Royse City 0
BOTTOM OF THE 2ND
Royse City Targaryens batting - Pitching for Pawnee ParksNRec : RHP Rodas Aguilar
Batting: RHB José Cruz 0-0: Called Strike
0-1: Swinging Strike
0-2: Ball
1-2: Ball
2-2: Foul Ball, location: 2F
2-2: Foul Ball, location: 2F
2-2: Ground out 5-3 (Groundball, 56)
Batting: RHB Bruce Ingilby 0-0: Ball
1-0: Ground out 5-3 (Groundball, 56S)
Batting: RHB Jason Compton 0-0: Called Strike
0-1: Ball
1-1: Foul Ball, location: 2F
1-2: Strikes out looking
Bottom of the 2nd over - 0 run(s), 0 hit(s), 0 error(s), 0 left on base; Pawnee 0 - Royse City 0
TOP OF THE 3RD
Pawnee ParksNRec batting - Pitching for Royse City Targaryens : RHP Rodger de Meza
Batting: RHB Jim Unknown 0-0: Ball
1-0: Ball
2-0: Swinging Strike
2-1: Swinging Strike
2-2: Strikes out swinging
Batting: RHB Dale Blair 0-0: Called Strike
0-1: Ball
1-1: Ball
2-1: Fly out, F8 (Flyball, 8LS)
Batting: SHB Júlio Camacho 0-0: Called Strike
0-1: Called Strike
0-2: SINGLE (Groundball, 34D)
Batting: RHB Julián Salcido 0-0: Called Strike
0-1: Ball
1-1: Fly out, F9 (Flyball, 9LM)
Top of the 3rd over - 0 run(s), 1 hit(s), 0 error(s), 1 left on base; Pawnee 0 - Royse City 0
BOTTOM OF THE 3RD
Royse City Targaryens batting - Pitching for Pawnee ParksNRec : RHP Rodas Aguilar
Batting: RHB Floyd Mitchell 0-0: Ball
1-0: Ball
2-0: Swinging Strike
2-1: Fly out, F8 (Flyball, 8RM)
Batting: LHB Cisco Padilla 0-0: Swinging Strike
0-1: Ball
1-1: Hit by Pitch
Batting: LHB José Vargas 0-0: Fielders Choice at 2nd, 3-6 (Groundball, 3)
Batting: RHB Tomás Martínez 0-0: Called Strike
0-1: SINGLE (Groundball, 56D)
José Vargas to second
Batting: RHB Javier Rivera 0-0: Ball
1-0: Called Strike
1-1: Ball
2-1: Fielders Choice at 2nd, 6-4 (Groundball, 6)
Bottom of the 3rd over - 0 run(s), 1 hit(s), 0 error(s), 1 left on base; Pawnee 0 - Royse City 0
TOP OF THE 4TH
Pawnee ParksNRec batting - Pitching for Royse City Targaryens : RHP Rodger de Meza
Batting: SHB José Carlos Nieves 0-0: Called Strike
0-1: Ball
1-1: Swinging Strike
1-2: Foul Ball, location: 2F
1-2: Foul Ball, location: 2F
1-2: Ball
2-2: Ball
3-2: Base on Balls
Batting: RHB Miguel Silva 0-0: Foul Ball, location: 2F
0-1: Fly out, F9 (Flyball, 9LM)
Batting: LHB Ernesto Sánchez 0-0: Ground out U3 (Groundball, 3)
José Carlos Nieves to second
Batting: RHB Mike Daniels 0-0: Called Strike
0-1: Ball
1-1: Swinging Strike
1-2: Foul Ball, location: 2F
1-2: Foul Ball, location: 2F
1-2: Foul Ball, location: 2F
1-2: Foul Ball, location: 2F
1-2: Ball
2-2: DOUBLE (Groundball, 5L)
José Carlos Nieves scores
Batting: SHB Vicente Pueblo 0-0: Ball
1-0: Called Strike
1-1: Ball
2-1: Foul Ball, location: 2F
2-2: Ball
3-2: DOUBLE (Flyball, 89XD)
Mike Daniels scores
Batting: RHB Jim Unknown 0-0: Called Strike
0-1: Ball
1-1: Ball
2-1: Ball
3-1: Fly out, F6 (Popup, 6)
Top of the 4th over - 2 run(s), 2 hit(s), 0 error(s), 1 left on base; Pawnee 2 - Royse City 0
BOTTOM OF THE 4TH
Royse City Targaryens batting - Pitching for Pawnee ParksNRec : RHP Rodas Aguilar
Batting: LHB Jon Baxter 0-0: Called Strike
0-1: Ball
1-1: Foul Ball, location: 2F
1-2: Fly out, F8 (Flyball, 8RD)
Batting: RHB José Cruz 0-0: Called Strike
0-1: Ball
1-1: Ground out 4-3 (Groundball, 4)
Batting: RHB Bruce Ingilby 0-0: Called Strike
0-1: Ball
1-1: Foul Ball, location: 2F
1-2: Foul Ball, location: 2F
1-2: Strikes out swinging, 2-3 out at first.
Bottom of the 4th over - 0 run(s), 0 hit(s), 0 error(s), 0 left on base; Pawnee 2 - Royse City 0
TOP OF THE 5TH
Pawnee ParksNRec batting - Pitching for Royse City Targaryens : RHP Rodger de Meza
Batting: RHB Dale Blair 0-0: SINGLE (Groundball, 56D)
Batting: SHB Júlio Camacho 0-0: Sac Bunt - play at first, batter safe!
Dale Blair to second
Batting: RHB Julián Salcido 0-0: Fly out, F9 (Flyball, 9LS)
Batting: SHB José Carlos Nieves 0-0: Swinging Strike
0-1: Foul Ball, location: 2F
0-2: Ball
1-2: Ball
2-2: Ball
3-2: Strikes out swinging
Batting: RHB Miguel Silva 0-0: Foul Ball, location: 2F
0-1: Foul Ball, location: 2F
0-2: Ball
1-2: Ball
2-2: Ball
Wild Pitch!
Dale Blair to third
Júlio Camacho to second
3-2: Strikes out looking
Top of the 5th over - 0 run(s), 2 hit(s), 0 error(s), 2 left on base; Pawnee 2 - Royse City 0
BOTTOM OF THE 5TH
Royse City Targaryens batting - Pitching for Pawnee ParksNRec : RHP Rodas Aguilar
Batting: RHB Jason Compton 0-0: Ground out 5-3 (Groundball, 56)
Batting: RHB Floyd Mitchell 0-0: Ball
1-0: Foul Ball, location: 2F
1-1: Ground out 6-3 (Groundball, 6)
Batting: LHB Cisco Padilla 0-0: Foul Ball, location: 2F
0-1: Ball
1-1: Ball
2-1: Ball
3-1: SINGLE (Line Drive, 89S)
Batting: LHB José Vargas 0-0: Called Strike
0-1: Ball
1-1: 2-RUN HOME RUN (Flyball, 89XD), Distance : 376 ft
Batting: RHB Tomás Martínez 0-0: Ball
1-0: Ball
2-0: Ball
3-0: Base on Balls
Batting: RHB Javier Rivera 0-0: SINGLE (Line Drive, 56D)
Tomás Martínez to second
Batting: LHB Jon Baxter 0-0: Foul Ball, location: 2F
0-1: Ball
1-1: Swinging Strike
1-2: Foul Ball, location: 2F
1-2: Ball
2-2: Ball
3-2: Foul Ball, location: 2F
3-2: Fly out, F7 (Flyball, 7)
Bottom of the 5th over - 2 run(s), 3 hit(s), 0 error(s), 2 left on base; Pawnee 2 - Royse City 2
TOP OF THE 6TH
Pawnee ParksNRec batting - Pitching for Royse City Targaryens : RHP Rodger de Meza
Batting: LHB Ernesto Sánchez 0-0: Ground out 6-3 (Groundball, 4M)
Batting: RHB Mike Daniels 0-0: Ball
1-0: Foul Ball, location: 2F
1-1: Swinging Strike
1-2: Ball
2-2: Ground out 5-3 (Groundball, 56)
Batting: SHB Vicente Pueblo 0-0: Ball
1-0: Ball
2-0: Ball
3-0: Base on Balls
Batting: RHB Jim Unknown 0-0: Foul Ball, location: 2F
0-1: Ball
1-1: Swinging Strike
1-2: Ball
Passed Ball!
Vicente Pueblo to second
2-2: Ball
3-2: Strikes out swinging
Top of the 6th over - 0 run(s), 0 hit(s), 0 error(s), 1 left on base; Pawnee 2 - Royse City 2
BOTTOM OF THE 6TH
Royse City Targaryens batting - Pitching for Pawnee ParksNRec : RHP Rodas Aguilar
Batting: RHB José Cruz 0-0: Ball
1-0: SINGLE (Flyball, 8RS)
Batting: RHB Bruce Ingilby 0-0: Reached on error, E3 (Groundball, 3S)
José Cruz to second
Batting: RHB Jason Compton 0-0: Sac Bunt - play at first, batter OUT! 5-4
José Cruz to third
Bruce Ingilby to second
Batting: RHB Floyd Mitchell 0-0: Ball
1-0: Ground out 6-3 (Groundball, 6)
Batting: LHB Cisco Padilla 0-0: Called Strike
0-1: Foul Ball, location: 2F
0-2: Foul Ball, location: 2F
0-2: Ball
1-2: Ball
Wild Pitch!
José Cruz scores
Bruce Ingilby to third
2-2: Ball
3-2: Fly out, F9 (Flyball, 9)
Bottom of the 6th over - 1 run(s), 1 hit(s), 1 error(s), 1 left on base; Pawnee 2 - Royse City 3
TOP OF THE 7TH
Pawnee ParksNRec batting - Pitching for Royse City Targaryens : RHP Rodger de Meza
Batting: RHB Dale Blair 0-0: SINGLE (Groundball, 56D)
Batting: SHB Júlio Camacho 0-0: Ball
1-0: Sac Bunt - play at first, batter OUT! 1-4
Dale Blair to second
Batting: RHB Julián Salcido 0-0: Ball
1-0: Ball
2-0: Fly out, F8 (Flyball, 8LD)
Batting: SHB José Carlos Nieves 0-0: Ball
1-0: Ball
2-0: Foul Ball, location: 2F
2-1: Called Strike
2-2: Ball
3-2: Base on Balls
Batting: RHB Miguel Silva 0-0: Called Strike
0-1: Called Strike
0-2: Ball
1-2: Strikes out swinging
Top of the 7th over - 0 run(s), 1 hit(s), 0 error(s), 2 left on base; Pawnee 2 - Royse City 3
BOTTOM OF THE 7TH
Royse City Targaryens batting - Pitching for Pawnee ParksNRec : RHP Rodas Aguilar
Batting: LHB José Vargas 0-0: Ball
1-0: Called Strike
1-1: Ball
2-1: Ball
3-1: Base on Balls
Batting: RHB Tomás Martínez 0-0: SINGLE (Popup, 3L)
José Vargas to second
Runner from 2nd tries for 3rd, SAFE, throw made to third
Batting: RHB Javier Rivera 0-0: Ball
1-0: Called Strike
1-1: Ball
2-1: DOUBLE (Flyball, 7LM)
José Vargas scores
Tomás Martínez to third
Batting: LHB Jon Baxter 0-0: Ball
1-0: SINGLE (Line Drive, 8LS)
Tomás Martínez scores
Javier Rivera to third
Batting: RHB José Cruz 0-0: Ball
1-0: SINGLE (Line Drive, 7LS)
Javier Rivera scores
Jon Baxter to second
Pitching: RHP Francisco Luevanos
Batting: RHB Bruce Ingilby 0-0: Bunt missed!
0-1: Sac Bunt - play at first, batter OUT! 1-4
Jon Baxter to third
José Cruz to second
Batting: RHB Jason Compton 0-0: Ball
1-0: Called Strike
1-1: DOUBLE (Flyball, 7D)
Jon Baxter scores
José Cruz scores
Batting: RHB Floyd Mitchell 0-0: Called Strike
0-1: Foul Ball, location: 2F
0-2: Ball
1-2: SINGLE (Groundball, 6MD)
Jason Compton to third
Batting: LHB Cisco Padilla 0-0: Called Strike
0-1: Ball
1-1: Fly out, F7 (Flyball, 7)
Runner from 3rd tags up, SCORES, no throw
Batting: LHB José Vargas 0-0: SINGLE (Flyball, 8LS)
Floyd Mitchell to second
Batting: RHB Tomás Martínez 0-0: Ball
1-0: Called Strike
1-1: Foul Ball, location: 2F
1-2: Fielders Choice at 2nd, 5-4 (Groundball, 5)
Bottom of the 7th over - 6 run(s), 7 hit(s), 0 error(s), 1 left on base; Pawnee 2 - Royse City 9
TOP OF THE 8TH
Pawnee ParksNRec batting - Pitching for Royse City Targaryens : RHP Rodger de Meza
Pitching: RHP Craig Gasnier
Batting: LHB Ernesto Sánchez 0-0: Ball
1-0: Ball
2-0: DOUBLE (Line Drive, 9LD)
Batting: RHB Mike Daniels 0-0: Called Strike
0-1: Swinging Strike
0-2: Strikes out swinging
Batting: SHB Vicente Pueblo 0-0: Foul Ball, location: 2F
0-1: Ball
1-1: Called Strike
1-2: Fly out, F7 (Flyball, 7LM)
Batting: RHB Jim Unknown 0-0: Ball
1-0: Ball
2-0: DOUBLE (Flyball, 78M)
Ernesto Sánchez scores
Batting: RHB Dale Blair 0-0: Ball
1-0: Called Strike
1-1: Ball
2-1: Ball
3-1: Base on Balls
Batting: SHB Júlio Camacho 0-0: Ball
1-0: SINGLE (Groundball, 34D)
Jim Unknown to third
Dale Blair to second
Runner from 3rd tries for Home, SAFE, no throw
Batting: RHB Julián Salcido 0-0: Ball
1-0: Ball
2-0: Ball
3-0: Called Strike
3-1: Swinging Strike
3-2: Fly out, F8 (Flyball, 89S)
Top of the 8th over - 2 run(s), 3 hit(s), 0 error(s), 2 left on base; Pawnee 4 - Royse City 9
BOTTOM OF THE 8TH
Royse City Targaryens batting - Pitching for Pawnee ParksNRec : RHP Francisco Luevanos
Batting: RHB Javier Rivera 0-0: Ball
1-0: Swinging Strike
1-1: Called Strike
1-2: Ball
2-2: SINGLE (Line Drive, 34)
Pitching: RHP Ed McWhannell
Batting: LHB Jon Baxter 0-0: Foul Ball, location: 2F
0-1: Foul Ball, location: 2F
0-2: Strikes out swinging
Batting: RHB José Cruz 0-0: Called Strike
0-1: Ball
1-1: Foul Ball, location: 2F
1-2: SINGLE (Groundball, 56D)
Javier Rivera to second
Batting: RHB Bruce Ingilby 0-0: Ball
1-0: Called Strike
1-1: Swinging Strike
1-2: Ball
2-2: Foul Ball, location: 2F
2-2: SINGLE (Line Drive, 8RS)
Javier Rivera to third
José Cruz to second
Batting: RHB Jason Compton 0-0: Ball
1-0: Called Strike
1-1: Foul Ball, location: 2F
1-2: Strikes out looking
Batting: RHB Floyd Mitchell 0-0: Ball
1-0: Fly out, F6 (Line Drive, 6)
Bottom of the 8th over - 0 run(s), 3 hit(s), 0 error(s), 3 left on base; Pawnee 4 - Royse City 9
TOP OF THE 9TH
Pawnee ParksNRec batting - Pitching for Royse City Targaryens : RHP Craig Gasnier
Batting: SHB José Carlos Nieves 0-0: Called Strike
0-1: Ground out 4-3 (Groundball, 4)
Batting: RHB Miguel Silva 0-0: Foul Ball, location: 2F
0-1: Ball
1-1: Ball
2-1: Swinging Strike
2-2: Fly out, F9 (Flyball, 9D)
Batting: LHB Ernesto Sánchez 0-0: Called Strike
0-1: Ball
1-1: Ball
2-1: Ball
3-1: Ground out 4-3 (Groundball, 4)
Top of the 9th over - 0 run(s), 0 hit(s), 0 error(s), 0 left on base; Pawnee 4 - Royse City 9
Monday, March 20th, 2017 - OOTP Baseball 17.12 Build 75